 Dungeon Crawl Stone Soup version 0.23.2-33-g5129a83184 (webtiles) character file.

Game seed: 1552924580042295640

620 redmage the Charmwright (level 7, -5/56 HPs)
             Began as a Gnoll Skald on June 27, 2019.
             Slain by a centaur
             ... wielding a +0 mace
              (7 damage)
             ... on level 5 of the Dungeon.
             The game lasted 00:15:08 (1039 turns).

redmage the Charmwright (Gnoll Skald)               Turns: 1039, Time: 00:15:10

Health: -5/56      AC:  4    Str: 18    XL:     7   Next: 46%
Magic:  9/15       EV: 15    Int: 16    God:
Gold:   92         SH:  0    Dex: 16    Spells: 9/17 levels left

rFire    . . .     SeeInvis .   a - +1 falchion
rCold    . . .     Gourm    .   (no shield)
rNeg     . . .     Faith    .   b - +0 leather armour
rPois    .         Spirit   .   e - +0 helmet
rElec    .         Reflect  .   (no cloak)
rCorr    .         Harm     .   (no gloves)
MR       .....                  (no boots)
Stlth    ++........             (no amulet)
HPRegen  0.18/turn              f - ring of flight
MPRegen  0.14/turn              (no ring)

@: mighty, berserk cooldown, slowed, very slow
A: distributed training, fangs 1, strong nose
a: Evoke Flight


You were on level 5 of the Dungeon.
You were not hungry.

You visited 1 branch of the dungeon, and saw 5 of its levels.

You collected 92 gold pieces.

Inventory:

Hand Weapons
 a - a +1 falchion (weapon)
Armour
 b - a +0 leather armour (worn)
 e - a +0 helmet (worn)
Jewellery
 f - a ring of flight (left hand)
Wands
 j - a wand of iceblast (11)
Scrolls
 c - 2 scrolls of immolation
 g - a scroll of amnesia
 m - 2 scrolls of remove curse
 p - a scroll of magic mapping
Potions
 k - 2 potions of magic
Comestibles
 d - 9 rations
 n - a chunk of flesh


   Skills:
 + Level 5.2 Fighting
 + Level 2.4 Short Blades
 + Level 5.2 Long Blades
 + Level 2.4 Axes
 + Level 2.4 Maces & Flails
 + Level 2.4 Polearms
 + Level 2.4 Staves
 + Level 2.4 Slings
 + Level 2.4 Bows
 + Level 2.4 Crossbows
 + Level 2.4 Throwing
 + Level 3.6 Armour
 + Level 5.2 Dodging
 + Level 2.4 Stealth
 + Level 2.4 Shields
 + Level 2.4 Unarmed Combat
 + Level 5.6 Spellcasting
 + Level 2.0 Conjurations
 + Level 2.0 Hexes
 + Level 5.8 Charms
 + Level 2.0 Summonings
 + Level 2.0 Necromancy
 + Level 2.0 Translocations
 + Level 2.0 Transmutations
 + Level 2.0 Fire Magic
 + Level 2.0 Ice Magic
 + Level 2.0 Air Magic
 + Level 2.0 Earth Magic
 + Level 2.0 Poison Magic
 + Level 2.7 Invocations
 + Level 2.4 Evocations


You had 9 spell levels left.
You knew the following spells:

 Your Spells              Type           Power        Failure   Level  Hunger
a - Infusion              Chrm           ###.         1%          1    None
b - Song of Slaying       Chrm           ###.....     2%          2    #......
c - Shroud of Golubria    Chrm/Tloc      ###.......   4%          2    #......
d - Regeneration          Chrm/Necr      ###.......   10%         3    ##.....

Your spell library contained the following spells:

 Spells                   Type           Power        Failure   Level  Hunger
 Spectral Weapon          Hex/Chrm       ###.....     10%         3    ##.....


Dungeon Overview and Level Annotations

Branches:
Dungeon (5/15)
 Temple: D:4-7

Altars:
Dithmenos


Innate Abilities, Weirdness & Mutations

Your experience applies equally to all skills.
You have very sharp teeth.
Your uncanny sense of smell can sniff out nearby items.


Message History

You punch the gnoll!
You kill the gnoll!
Things that are here:
a +0 flail; a scroll of teleportation You slash the centaur!
The centaur is heavily wounded.
Your skin stops crawling.
The centaur unwields a +0 shortbow.
The centaur wields a +0 mace.
The centaur hits you with a +0 mace.
* * * LOW HITPOINT WARNING * * *
The gnoll completely misses you. The centaur closely misses you.
You barely miss the centaur.
The centaur is heavily wounded.
The centaur closely misses you.
You riposte.
You hit the centaur but do no damage. You bite the centaur.
The centaur is severely wounded.
The gnoll hits you from afar with a +0 halberd!
* * * LOW HITPOINT WARNING * * *
The centaur hits you with a +0 mace!
You die...

.....................###
..#.##.#...#...........#
.. ....###.......c....#
.....#. #............#
#...## #.#####......#
#... #(# #......# ∆ #.#
#.c....#
#####.#####c.....#
....#h#§@cg§.....#
#####.########.### #
###(...# #.().###.#
##..(....# ∆ ###)....#
....#.... ∆ ....## ...
g..... ..


You could see a centaur, a hound and a gnoll.

Vanquished Creatures
  An ice beast (D:5)
  A centaur (D:5)
  Blork the orc (D:4)
  A howler monkey (D:4)
  An orc priest (D:4)
  2 hounds (D:5)
  An orc wizard (D:4)
  Ijyb (D:4)
  2 worker ants (D:4)
  Robin (D:2)
  3 gnolls (D:5)
  3 adders
  A shadow imp (D:5)
  An ooze (D:4)
  An adder skeleton (D:4)
  2 dart slugs
  2 leopard geckos
  5 orcs
  2 giant cockroaches (D:4)
  10 goblins
  8 hobgoblins
  13 jackals
  2 ball pythons (D:4)
  2 bats (D:2)
  A frilled lizard (D:2)
  2 rats (D:2)
70 creatures vanquished.

Notes
Turn   | Place    | Note
-------+----------+-------------------------------------------
     0 | D:1      | redmage the Gnoll Skald began the quest for the Orb.
     0 | D:1      | Reached XP level 1. HP: 20/20 MP: 6/6
    59 | D:2      | Reached XP level 2. HP: 26/26 MP: 7/7
    71 | D:2      | Learned a level 2 spell: Song of Slaying
    74 | D:2      | Learned a level 2 spell: Shroud of Golubria
    79 | D:2      | Noticed Robin
   105 | D:2      | Killed Robin
   120 | D:2      | Reached XP level 3. HP: 23/31 MP: 7/9
   137 | D:2      | Reached skill level 5 in Spellcasting
   210 | D:2      | Reached skill level 1 in Invocations
   222 | D:2      | Learned a level 3 spell: Regeneration
   302 | D:2      | Reached skill level 1 in Short Blades
   302 | D:2      | Reached skill level 1 in Axes
   302 | D:2      | Reached skill level 1 in Maces & Flails
   302 | D:2      | Reached skill level 1 in Polearms
   302 | D:2      | Reached skill level 1 in Staves
   302 | D:2      | Reached skill level 1 in Slings
   302 | D:2      | Reached skill level 1 in Bows
   302 | D:2      | Reached skill level 1 in Crossbows
   302 | D:2      | Reached skill level 1 in Throwing
   302 | D:2      | Reached skill level 1 in Stealth
   302 | D:2      | Reached skill level 1 in Shields
   302 | D:2      | Reached skill level 1 in Unarmed Combat
   302 | D:2      | Reached skill level 1 in Evocations
   302 | D:2      | Reached XP level 4. HP: 34/38 MP: 6/11
   536 | D:4      | Found a shadowy altar of Dithmenos.
   552 | D:4      | Noticed Blork the orc
   599 | D:4      | Killed Blork the orc
   599 | D:4      | Reached skill level 1 in Conjurations
   599 | D:4      | Reached skill level 1 in Hexes
   599 | D:4      | Reached skill level 1 in Summonings
   599 | D:4      | Reached skill level 1 in Necromancy
   599 | D:4      | Reached skill level 1 in Translocations
   599 | D:4      | Reached skill level 1 in Transmutations
   599 | D:4      | Reached skill level 1 in Fire Magic
   599 | D:4      | Reached skill level 1 in Ice Magic
   599 | D:4      | Reached skill level 1 in Air Magic
   599 | D:4      | Reached skill level 1 in Earth Magic
   599 | D:4      | Reached skill level 1 in Poison Magic
   599 | D:4      | Reached XP level 5. HP: 43/43 MP: 6/12
   732 | D:4      | Noticed Ijyb
   759 | D:4      | Killed Ijyb
   759 | D:4      | Reached XP level 6. HP: 30/50 MP: 5/13
   833 | D:4      | Reached skill level 5 in Fighting
   833 | D:4      | Reached skill level 5 in Long Blades
   833 | D:4      | Reached skill level 5 in Dodging
   916 | D:5      | Entered Level 5 of the Dungeon
   916 | D:5      | Noticed an ice beast
   941 | D:5      | Killed an ice beast
   941 | D:5      | Reached XP level 7. HP: 40/56 MP: 0/15
  1039 | D:5      | HP: 2/56 [gnoll/+0 halberd (10)]
  1039 | D:5      | Slain by a centaur

Skill      XL: |  1  2  3  4  5  6  7 |
---------------+----------------------+-----
Spellcasting   | 5 |  5.6
Invocations    | 1 2 |  2.7
Short Blades   | 1 2 |  2.4
Axes           | 1 2 |  2.4
Maces & Flails | 1 2 |  2.4
Polearms       | 1 2 |  2.4
Staves         | 1 2 |  2.4
Slings         | 1 2 |  2.4
Bows           | 1 2 |  2.4
Crossbows      | 1 2 |  2.4
Throwing       | 1 2 |  2.4
Stealth        | 1 2 |  2.4
Shields        | 1 2 |  2.4
Unarmed Combat | 1 2 |  2.4
Evocations     | 1 2 |  2.4
Conjurations   | 1 2 |  2.0
Hexes          | 1 2 |  2.0
Summonings     | 1 2 |  2.0
Necromancy     | 1 2 |  2.0
Translocations | 1 2 |  2.0
Transmutations | 1 2 |  2.0
Fire Magic     | 1 2 |  2.0
Ice Magic      | 1 2 |  2.0
Air Magic      | 1 2 |  2.0
Earth Magic    | 1 2 |  2.0
Poison Magic   | 1 2 |  2.0
Armour         | 3 |  3.6
Fighting       | 5 |  5.2
Long Blades    | 5 |  5.2
Dodging        | 5 |  5.2
Charms         | |  5.8

Action                   |  1- 3 |  4- 6 |  7- 9 || total
-------------------------+-------+-------+-------++-------
Melee: Falchion          |    73 |   141 |    20 ||   234
       Bite              |     7 |    17 |     7 ||    31
       Punch             |       |       |     2 ||     2
 Cast: Infusion          |     2 |     5 |     1 ||     8
       Shroud of Golubri |     4 |     4 |     3 ||    11
       Song of Slaying   |     2 |     5 |     1 ||     8
       Regeneration      |     1 |     5 |     2 ||     8
  Use: Scroll            |       |     7 |     6 ||    13
       Potion            |       |     1 |     3 ||     4
  Eat: Chunk             |       |     2 |       ||     2
Armor: Leather armour    |    19 |    22 |     1 ||    42
       Skin              |       |    37 |       ||    37
Dodge: Dodged            |    51 |    86 |    65 ||   202
       Rpst.: Falchion   |    18 |    22 |    10 ||    50
